 Dungeon Crawl Stone Soup version 0.21.1-1-g345015f (webtiles) character file.

153 nicolaieve the Chopper (level 5, -3/45 HPs)
             Began as a Minotaur Berserker on June 12, 2018.
             Was a Believer of Trog.
             Slain by a gnoll
             ... wielding a +0 flail
              (11 damage)
             ... on level 2 of the Dungeon.
             The game lasted 00:04:46 (950 turns).

nicolaieve the Chopper (Minotaur Berserker)          Turns: 950, Time: 00:04:47

Health: -3/45      AC:  7    Str: 21    XL:     5   Next: 12%
Magic:  4/4        EV: 10    Int:  4    God:    Trog [**....]
Gold:   75         SH:  0    Dex: 11    Spells: 4/4 levels left

rFire    . . .     SeeInvis .   a - +0 hand axe
rCold    . . .     Gourm    .   (no shield)
rNeg     . . .     Faith    .   h - +0 scale mail
rPois    .         Spirit   .   (helmet restricted)
rElec    .         Reflect  .   j - +0 cloak
rCorr    .         Harm     .   (no gloves)
MR       .....                  (no boots)
Stlth    ..........             (no amulet)
HPRegen  0.15/turn              (no ring)
MPRegen  0.09/turn              (no ring)

@: lethally poisoned (-3 -> -24)
A: retaliatory headbutt, horns 2
a: Berserk, Trog's Hand, Burn Spellbooks, Renounce Religion


You were on level 2 of the Dungeon.
You worshipped Trog.
Trog was pleased with you.
You were not hungry.

You visited 1 branch of the dungeon, and saw 2 of its levels.

You collected 75 gold pieces.

Inventory:

Hand Weapons
 a - a +0 hand axe (weapon)
Armour
 h - a +0 scale mail (worn)
 j - a +0 cloak (worn)
Scrolls
 b - a scroll of remove curse {unknown}
 e - a scroll of teleportation {unknown}
 g - 2 scrolls of identify {unknown}
Potions
 f - a potion of mutation {unknown}
 i - a potion of resistance {unknown}
Comestibles
 c - 4 rations
 d - a chunk of flesh


   Skills:
 - Level 3.6 Fighting
 + Level 7.1 Axes
 - Level 2.4 Armour
 - Level 2.1 Dodging


You had 4 spell levels left.
You didn't know any spells.

Dungeon Overview and Level Annotations

Branches:
Dungeon (2/15)

Altars:


Innate Abilities, Weirdness & Mutations

You reflexively headbutt those who attack you in melee.
You have a pair of horns on your head.


Message History

You feel very sick. The gnoll hits you but does no damage.
You hit the gnoll.
You headbutt the gnoll, but do no damage.
The gnoll is lightly wounded.
* * * LOW HITPOINT WARNING * * *
You feel sick. The gnoll hits you but does no damage.
You hit the gnoll. You headbutt the gnoll.
The gnoll is heavily wounded.
* * * LOW HITPOINT WARNING * * *
You feel sick.
You hit the gnoll.
The gnoll is almost dead.
* * * LOW HITPOINT WARNING * * *
You feel sick. The gnoll hits you but does no damage.
You barely miss the gnoll. Your headbutt misses the gnoll.
The gnoll is almost dead.
* * * LOW HITPOINT WARNING * * *
You feel sick. The gnoll hits you with a flail!
You die...

.....###.###.#
.........# #.#
.....# #.#
......##.#####
.............#
####..#.###.#
.......# #.#
####...# #.#
#...# #@#
....# #g#
##.#.# #.#
...> #.# #.#
#.# #.# ###


You could see a gnoll.

Vanquished Creatures
  A jelly (D:1)
  3 gnolls (D:2)
  2 adders (D:2)
  2 oozes (D:1)
  A dart slug (D:2)
  A worm (D:2)
  6 bats (D:1)
  9 giant cockroaches (D:1)
  11 goblins
  4 hobgoblins (D:1)
  8 jackals (D:1)
  2 kobolds
  4 frilled lizards
  6 rats (D:1)
60 creatures vanquished.

Vanquished Creatures (others)
  An adder (D:2)
  A bat (D:2)
2 creatures vanquished.

Grand Total: 62 creatures vanquished

Notes
Turn   | Place    | Note
-------+----------+-------------------------------------------
     0 | D:1      | nicolaieve the Minotaur Berserker began the quest for the Orb.
     0 | D:1      | Reached XP level 1. HP: 19/19 MP: 0/0
     1 | D:1      | Found a runed door.
     1 | D:1      | Noticed a jelly
    66 | D:1      | Reached skill level 4 in Axes
   102 | D:1      | Reached XP level 2. HP: 22/26 MP: 1/1
   309 | D:1      | Reached skill level 5 in Axes
   347 | D:1      | Reached ** piety under Trog
   370 | D:1      | Reached XP level 3. HP: 31/31 MP: 2/2
   588 | D:1      | Reached skill level 6 in Axes
   588 | D:1      | Reached XP level 4. HP: 39/39 MP: 3/3
   936 | D:2      | Reached skill level 7 in Axes
   936 | D:2      | Reached XP level 5. HP: 43/45 MP: 4/4
   950 | D:2      | Slain by a gnoll

Skill      XL: |  1  2  3  4 |
---------------+-------------+-----
Axes           | 4 5 6 7 |  7.1
Fighting       | |  3.6
Armour         | |  2.4
Dodging        | |  2.1

Action                   |  1- 3 |  4- 6 || total
-------------------------+-------+-------++-------
Melee: Hand axe          |    89 |    46 ||   135
       Headbutt          |    17 |     7 ||    24
Invok: Berserk           |     1 |       ||     1
  Eat: Chunk             |       |     1 ||     1
Armor: Animal skin       |     8 |       ||     8
       Scale mail        |    20 |    13 ||    33
Dodge: Dodged            |    60 |    18 ||    78
